AoeStats
← howdydo12

Arabia

515200309Analyzed
1v1 RM · 16d ago on Oct 21, 2026· 57m 24s· 2 players
Game mode
Random Map
Map size
Tiny (2 player)
Population
200
Speed
Normal
Resources
Standard
Victory
Conquest
Starting age
Dark Age
Ending age
Imperial Age
RankedLock teamsTeams togetherTeam positionsShared explorationLock speedFull tech treeHidden civsTurbo modeCheats
Victory
Defeat
🇭🇰 Varangians · Hong Kong SAR China
657
+15
vs
🇵🇱 Saracens · Poland
635
-15
howdydo12
6:47 Loom
10:21 Feudal Age
13:11 Double-Bit Axe
19:12 Horse Collar
23:00 Castle Age
23:16 Bloodlines
23:12 Fletching
23:29 Scale Barding Armor
23:28 Crossbowman
26:38 Wheelbarrow
30:42 Husbandry
31:50 Bodkin Arrow
32:50 Light Cavalry
35:43 Ballistics
36:01 Gold Mining
36:22 Bow Saw
36:14 Heavy Plow
42:10 Imperial Age
39:28 Town Watch
40:42 Stone Mining
41:30 Gold Shaft Mining
41:25 Forging
41:23 Padded Archer Armor
43:35 Thumb Ring
44:12 Heavy Camel Rider
45:16 Arbalester
47:19 Heavy Camel Rider
51:57 Chemistry
51:09 Elite Skirmisher
53:25 Chain Barding Armor
貓貓神槍手
7:50 Loom
10:43 Feudal Age
12:50 Bloodlines
13:12 Double-Bit Axe
15:05 Horse Collar
23:07 Castle Age
21:47 Stone Mining
22:09 Fletching
25:12 Stone Shaft Mining
28:22 Wheelbarrow
28:03 Husbandry
28:25 Bow Saw
28:19 Heavy Plow
29:47 Squires
29:32 Gambesons
32:41 Pikeman
33:53 Hand Cart
34:37 Forging
34:33 Scale Barding Armor
42:32 Imperial Age
41:47 Chain Barding Armor
42:04 Iron Casting
41:29 Scale Mail Armor
42:26 Gold Mining
43:22 Halberdier
44:24 Conscription
43:26 Elite Jarl
46:28 Plate Barding Armor
46:54 Blast Furnace
47:33 Bodkin Arrow
47:00 Elite Skirmisher
57:50 Chemistry
57:00 Siege Engineers
57:02 Bracer
57:04 Padded Archer Armor
57:22 Chain Mail Armor
Connection lost

Rejoining the realm…

Still unreachable

The connection could not be restored.

Session expired

The server has moved on; the page needs a fresh start.